 Dungeon Crawl Stone Soup version 0.31-a0-150-g89dc3ad700 (webtiles) character file.

Game seed: 16017323400319050826

175243 Drazool the Acrobat (level 17, -3/98 HPs)
             Began as a Spriggan Hunter on June 7, 2023.
             Was a High Priest of Okawaru.
             Succumbed to poison (dark miasma)
             ... on level 1 of the Swamp on June 8, 2023.
             The game lasted 01:44:12 (30395 turns).

Drazool the Acrobat (Spriggan Hunter)              Turns: 30395, Time: 01:44:12

Health: -3/98      AC: 12    Str:  7    XL:     17   Next: 47%
Magic:  27/27      EV: 47    Int: 10    God:    Okawaru [*****.]
Gold:   2578       SH:  5    Dex: 27    Spells: 16/16 levels left

rFire   . . .        a - +3 arbalest (drain)
rCold   + + .        (shield currently unavailable)
rNeg    . . .        K - +0 troll leather armour
rPois   .            m - +0 mask of the Dragon {Will+ Slay+3 SInv}
rElec   .            S - +2 cloak {rC+}
rCorr   .            (gloves unavailable)
SInv    +            (boots unavailable)
Will    +++..        x - amulet of reflection
Stlth   ++++         C - ring of protection from cold
HPRegen 1.16/turn    T - +4 ring of protection
MPRegen 0.20/turn

%: reflection
@: lethally poisoned (-3 -> -14), heroic, finesse-ful, slowed, quick
A: very small, no large weapons, unfitting armour, see invisible, speed 3
a: Renounce Religion, Heroism, Finesse, Duel


You were on level 1 of the Swamp.
You worshipped Okawaru.
Okawaru was extremely pleased with you.
You visited 6 branches of the dungeon, and saw 29 of its levels.
You also visited: Sewer, Ossuary and Ice Cave.

You collected 3354 gold pieces.
You spent 776 gold pieces at shops.


Innate Abilities, Weirdness & Mutations

You are very small and have problems with some larger weapons.
You are too small for most types of armour.
You have supernaturally acute eyesight. (SInv)
You cover ground extremely quickly. (Speed+++)


   Skills:
 + Level 14.7(19.7) Fighting
 - Level 18.0(23.0) Ranged Weapons
 + Level 21.1(26.1) Dodging
 - Level 1.5(6.5) Stealth
 - Level 12.2 Invocations
 - Level 8.0 Evocations


You had 16 spell levels left.
You didn't know any spells.
Your spell library contained the following spells:

 Spells                   Type           Power      Damage    Failure   Level
 Freeze                   Ice            0%         1d3       47%         1
 Magic Dart               Conj           0%         1d3       47%         1
 Shock                    Conj/Air       0%         1d3       47%         1
 Blink                    Tloc           0%         N/A       63%         2
 Lesser Beckoning         Tloc           0%         N/A       63%         2
 Momentum Strike          Conj/Tloc      0%         3d8       63%         2
 Scorch                   Fire           0%         2d5       63%         2
 Searing Ray              Conj           0%         2d4       63%         2
 Sublimation of Blood     Necr           0%         N/A       63%         2
 Wereblood                Tmut           0%         N/A       63%         2
 Frozen Ramparts          Ice            0%         1d1       85%         3
 Portal Projectile        Hex/Tloc       0%         N/A       85%         3
 Swiftness                Air            0%         N/A       85%         3
 Airstrike                Air            0%         2d(0-16)  99%         4
 Anguish                  Hex/Necr       0%         N/A       99%         4
 Cause Fear               Hex            0%         N/A       99%         4
 Flame Wave               Conj/Fire      0%         2d4       99%         4
 Fulminant Prism          Conj/Hex       0%         3d5       99%         4
 Ice Form                 Ice/Tmut       0%         N/A       99%         4
 Leda's Liquefaction      Hex/Erth       0%         N/A       99%         4
 Olgreb's Toxic Radiance  Pois           0%         N/A       99%         4
 Blade Hands              Tmut           0%         N/A       100%        5
 Borgnjor's Vile Clutch   Necr/Erth      0%         N/A       100%        5
 Iskenderun's Battlesphe  Conj           0%         2d6       100%        5
 Lee's Rapid Deconstruct  Erth           0%         3d4*      100%        5
 Leda's Unmaking          Conj/Erth      0%         9d1       100%        6
 Statue Form              Tmut/Erth      0%         N/A       100%        6
 Enfeeble                 Hex            0%         N/A       100%        7
 Borgnjor's Revivificati  Necr           0%         N/A       100%        8
 Discord                  Hex            0%         N/A       100%        8
 Ignition                 Fire           0%         3d3       100%        8
 Polar Vortex             Ice            0%         N/A       100%        9
 Tukima's Dance           Hex            Unusable   N/A       N/A         3
 Summon Ice Beast         Ice/Summ       Unusable   N/A       N/A         4
 Simulacrum               Ice/Necr       Unusable   N/A       N/A         6
 Summon Cactus Giant      Summ           Unusable   N/A       N/A         6
 Spellforged Servitor     Conj/Summ      Unusable   N/A       N/A         7
 Summon Hydra             Summ           Unusable   N/A       N/A         7

Inventory:

Hand Weapons
 a - a +3 arbalest of draining (weapon)
 b - the +8 shortbow of the Median {speed, rElec rN++}
   (Okawaru gifted it to you on level 15 of the Dungeon)

   rElec:     It insulates you from electricity.
   rN:        It greatly protects you from negative energy.
 E - a +1 orcbow
 M - a +1 shortbow
 O - a +3 shortbow of flaming
 Q - the +7 orcbow of Eternal Harmony {antimagic, SInv}
   (Okawaru gifted it to you on level 3 of the Lair of Beasts)

   SInv:      It lets you see invisible.
 W - a +4 arbalest
 Y - a +2 arbalest of flaming
Missiles
 I - 2 throwing nets {=f}
Armour
 m - the +0 mask of the Dragon (worn) {Will+ Slay+3 SInv}
   (You found it on level 2 of the Swamp)

   Slay:      It affects your accuracy & damage with ranged weapons and melee
   (+3).
   SInv:      It lets you see invisible.
   Will:      It increases your willpower.
 K - a +0 troll leather armour (worn)
 S - a +2 cloak of cold resistance (worn)
Jewellery
 e - an amulet of guardian spirit
 x - an amulet of reflection (around neck)
 C - a ring of protection from cold (left hand)
 F - a ring of protection from fire
 P - a ring of poison resistance
 T - a +4 ring of protection (right hand)
Wands
 y - a wand of quicksilver (4)
 A - a wand of polymorph (13)
 D - a wand of mindburst (32)
 G - a wand of roots (39)
 H - a wand of flame (47)
 J - a wand of digging (15)
 N - a wand of paralysis (9)
Scrolls
 c - 5 scrolls of butterflies
 f - 6 scrolls of immolation
 i - 3 scrolls of blinking
 j - 5 scrolls of identify {@r1}
 k - 6 scrolls of amnesia
 l - 3 scrolls of vulnerability
 p - 7 scrolls of enchant weapon
 B - 14 scrolls of teleportation {@r2}
 L - 2 scrolls of fog
 U - a scroll of magic mapping
 V - 3 scrolls of fear
Potions
 d - 6 potions of heal wounds {@q2}
 g - 4 potions of mutation
 h - 2 potions of invisibility
 n - 5 potions of haste {@q3}
 q - 2 potions of berserk rage {!q}
 r - a potion of resistance
 s - 4 potions of brilliance
 t - 3 potions of enlightenment
 u - 5 potions of magic
 v - 6 potions of might
 w - 6 potions of attraction
 z - 9 potions of curing {@q1}
 X - a potion of ambrosia
 Z - a potion of cancellation
Miscellaneous
 o - a lightning rod (4/4)
 R - a phial of floods

Dungeon Overview and Level Annotations

Branches:
Dungeon (15/15)            Temple (1/1) D:5            Lair (5/5) D:8
  Swamp (2/4) Lair:3        Snake (4/4) Lair:3        Slime (0/5) Lair:4
    Orc (2/2) D:10            Elf (0/3) Orc:2        Vaults (0/5) D:13
 Depths (0/4) D:15          Sewer (visited)         Ossuary (visited)
  IceCv (visited)

Altars:
Cheibriados
Elyvilon
Fedhas
Kikubaaqudgha
Makhleb
Okawaru
Qazlal
Ru
Sif Muna
Uskayaw
Vehumet
Wu Jian
Xom
Zin
The Shining One
Jiyva

Shops:
D:3 [   D:5 [   Orc:1 *   Orc:2 ??*[   Snake:3 [

Annotations:
D:14 3 runed translucent doors, SirDiesAlot's ghost, journeyman GrMo; Xanau's ghost, journeyman FoFi; Ynonecli's ghost, journeyman NaHu
Lair:5 exclusion: obsidian statue

♣♣.~~.♣
♣.~.♣ ♣♣.~
♣.~~~.♣
♣..~♣ ♣~~
♣~....♣♣
♣♣.~♣ ♣.~
♣.~~~..♣
♣.~.♣♣ ♣♣.§
♣♣.♣~~~.♣
♣♣.~.♣ ♣.~§
♣~...~§.♣
♣♣~.♣ ♣♣.~~
♣♣~.♣♣...♣♣
♣..♣♣♣♣~~~.
♣..♣♣♣♣..~♣♣
♣♣..♣♣..~~.
♣♣~♣♣ ♣♣.~@♣
♣♣..^...~..
♣.~~♣ ♣♣.♣♣
♣.~~♣♣♣♣♣♣♣
♣..♣♣ ♣♣.♣♣
♣.~♣♣ ♣ ♣♣♣♣
♣♣.♣ ♣♣♣♣
♣♣♣


There were no monsters in sight!


Message History

Blink to where?
Press: ? - help, Dir - move target
As you read the scroll of blinking, it crumbles to dust.
* * * LOW HITPOINT WARNING * * *
You feel extremely sick.
Unknown command.
You feel much better.
You feel extremely sick. The death drake breathes miasma at you.
The foul vapour misses you.
Fire: a) +3 arbalest (drain)
Press: ? - help, Q - select action, (/) - cycle Shift-Dir - straight line, f - death drake
Aim: a death drake (severely wounded, 71% to hit)
You shoot a bolt. The bolt hits the death drake!!
You drain the death drake.
You kill the death drake!
Okawaru accepts your kill.
You are engulfed in dark miasma.
You are lethally poisoned!
* * * LOW HITPOINT WARNING * * *
x2 You feel extremely sick.
Unknown command.
Blink to where?
Press: ? - help, Dir - move target
As you read the scroll of blinking, it crumbles to dust.
* * * LOW HITPOINT WARNING * * *
You feel extremely sick.
* * * LOW HITPOINT WARNING * * *
You feel extremely sick.
You climb upwards.
You die...

Skill      XL: |  1  2  3  4  5  6  7  8  9 10 11 12 13 14 15 16 17 |
---------------+----------------------------------------------------+-----
Ranged Weapons | 5 6 7 10 11 14 16 17 18 | 18.0
Dodging        | 4 5 7 10 12 15 17 19 21 | 21.1
Fighting       | 2 3 4 6 7 8 10 12 13 14 | 14.7
Invocations    | 6 7 9 12 | 12.2
Evocations     | 8 |  8.0
Stealth        | |  1.5

Action                     |  1- 3 |  4- 6 |  7- 9 | 10-12 | 13-15 | 16-18 || total
---------------------------+-------+-------+-------+-------+-------+-------++-------
   Fire: Shortbow          |   129 |   143 |   596 |       |       |    72 ||   940
         Orcbow            |       |       |   106 |  1054 |   917 |       ||  2077
         Arbalest          |       |       |       |       |   834 |   769 ||  1603
 Invoke: Heroism           |       |       |       |     3 |     2 |     4 ||     9
         Finesse           |       |       |       |     2 |     5 |     4 ||    11
  Evoke: Wand              |       |       |       |     1 |     1 |     1 ||     3
    Use: Scroll            |     1 |     3 |    13 |     4 |    12 |     8 ||    41
         Potion            |       |       |       |     4 |     1 |     4 ||     9
 Armour: Robe              |     4 |    10 |    25 |     7 |       |       ||    46
         Troll leather arm |       |       |       |    22 |    36 |    22 ||    80
  Dodge: Dodged            |    27 |    26 |   182 |   310 |   464 |   358 ||  1367
  Block: Other             |       |       |    22 |    77 |    87 |    58 ||   244
         Reflection        |       |       |     6 |     3 |    18 |     9 ||    36

Levels and vault maps discovered:
D:1:      erik_arrival_orb_chamber, layout_basic,
          shapermc_ecumenical_altar_starsandcircs, serial_forest,
          infiniplex_forest_clump_curved, infiniplex_forest_pool,
          infiniplex_forest_clump_C, infiniplex_forest_clump_small
D:2:      layout_rooms
D:3:      kennysheep_the_goblin_king, layout_basic,
          mainiacjoe_overflow_24_doors, serial_shops,
          nicolae_shop_window_shopping, nicolae_eternal_life,
          serial_bayou_pond_c, uniq_sigmund, uniq_terence
D:4:      layout_gridville, enter_ossuary_4
D:5:      layout_loops_ring, minmay_temple_entry_sparse_star,
          lightli_sewer_entry_pipes, serial_shops, shop
D:6:      layout_rooms, kennysheep_little_box, uniq_eustachio
D:7:      layout_basic
D:8:      layout_loops_cross, lair_entry_dummy
D:9:      layout_loops_corners, nicolae_vehumet_radiance, uniq_prince_ribbit1
D:10:     layout_stronghold, orc_0_dummy, nicolae_looking_at_the_future
D:11:     layout_cave_pools
D:12:     layout_cave_pods, portal_ice_cave_rime, uniq_josephine
D:13:     layout_rooms, erik_vaults_2, minmay_crystal_room, uniq_rupert
D:14:     layout_loops_cross, gammafunk_ghost_cemetery, serial_undead,
          serial_undead_a, serial_undead_f, serial_undead_d, serial_undead_c,
          minivault_26
D:15:     grunt_enter_depths_magical_seal, layout_rooms,
          nicolae_figureground_sparkle
Temple:   nicolae_temple_bog_church
Lair:1:   layout_cave_pods
Lair:2:   layout_hall_layers, special_room, basic_altar,
          cheibrodos_lair_caveside_slide, grunt_megastairs_2
Lair:3:   layout_long_grid, swamp_mist, guppyfry_snake_entry_garden,
          st_stairs_4, infiniplex_staircase_pool_2, uniq_amaemon, uniq_kirke
Lair:4:   layout_regular_city, slime_entry_1, grunt_megastairs_5
Lair:5:   due_jungle_book, layout_small_grid
Swamp:1:  layout_falls_marsh, serial_swamp_ruin, evilmike_swamp_ruin_house_6,
          evilmike_swamp_ruin_rubble_1, evilmike_swamp_ruin_house_2
Swamp:2:  layout_basic_swamp, gammafunk_ghost_split,
          nicolae_swamp_well_well_well
Snake:1:  layout_chambers
Snake:2:  layout_rooms, fake_guardian_serpent_vault
Snake:3:  layout_grid_maze, minmay_shop_star
Snake:4:  minmay_snake_end_coiled, layout_onion_interference, serial_shops,
          nicolae_shop_tiny_real_fake_doors
Orc:1:    layout_caves, serial_shops, shop
Orc:2:    st_orc_rangers, layout_caves

Notes
Turn   | Place    | Note
-------+----------+-------------------------------------------
     0 | D:1      | Drazool the Spriggan Hunter began the quest for the Orb.
     0 | D:1      | Reached XP level 1. HP: 10/10 MP: 2/2
    71 | D:1      | Reached XP level 2. HP: 14/14 MP: 3/3
   303 | D:1      | Reached skill level 5 in Ranged Weapons
   370 | D:1      | Reached XP level 3. HP: 18/18 MP: 4/4
   466 | D:1      | Found a faded altar of an unknown god.
  1245 | D:3      | Reached XP level 4. HP: 22/22 MP: 5/5
  1353 | D:2      | Reached skill level 6 in Ranged Weapons
  1418 | D:3      | Noticed Terence
  1486 | D:2      | Killed Terence
  1487 | D:2      | Reached XP level 5. HP: 25/25 MP: 6/6
  1591 | D:3      | Found Efikicil's Armour Shoppe.
  1737 | D:3      | Reached skill level 3 in Dodging
  1987 | D:3      | Found a glowing golden altar of the Shining One.
  2042 | D:3      | Noticed Sigmund
  2084 | D:3      | Killed Sigmund
  2085 | D:3      | Reached skill level 2 in Fighting
  2085 | D:3      | Reached skill level 4 in Dodging
  2085 | D:3      | Reached XP level 6. HP: 32/32 MP: 7/7
  2133 | D:3      | Identified the +3 trident of Equivalence {heavy, Will+}
  2279 | D:4      | Reached skill level 3 in Fighting
  2279 | D:4      | Reached skill level 5 in Dodging
  2298 | D:4      | Found a sand-covered staircase.
  2308 | Ossuary  | Entered an ossuary
  2373 | Ossuary  | Reached XP level 7. HP: 33/36 MP: 6/8
  2433 | Ossuary  | Reached skill level 6 in Dodging
  2475 | Ossuary  | Reached skill level 4 in Fighting
  2612 | Ossuary  | Reached skill level 7 in Dodging
  2718 | Ossuary  | Reached XP level 8. HP: 31/42 MP: 7/9
  2813 | Ossuary  | Reached skill level 5 in Fighting
  2813 | Ossuary  | Reached skill level 8 in Dodging
  3774 | D:4      | Reached skill level 9 in Dodging
  3971 | D:5      | Entered Level 5 of the Dungeon
  4141 | D:5      | Found Gazavy's Armour Shop.
  4245 | D:5      | Reached skill level 6 in Fighting
  4536 | D:5      | Found a glowing drain.
  4541 | Sewer    | Entered a sewer
  4679 | Sewer    | Reached skill level 10 in Dodging
  5197 | D:5      | Reached XP level 9. HP: 47/49 MP: 10/10
  5493 | D:5      | Found a staircase to the Ecumenical Temple.
  5507 | Temple   | Entered the Ecumenical Temple
  5549 | Temple   | Became a worshipper of Warmaster Okawaru
  5621 | D:5      | Reached skill level 1 in Invocations
  6029 | D:6      | Noticed Eustachio
  6039 | D:6      | Reached skill level 2 in Invocations
  6044 | D:6      | Killed Eustachio
  6045 | D:6      | Reached skill level 3 in Invocations
  6158 | D:6      | Found a shimmering altar of Xom.
  6296 | D:6      | Reached skill level 4 in Invocations
  6677 | D:7      | Reached * piety under Okawaru
  6741 | D:7      | Reached skill level 5 in Invocations
  6823 | D:7      | Reached skill level 7 in Ranged Weapons
  7495 | D:8      | Reached skill level 6 in Invocations
  7572 | D:8      | Reached ** piety under Okawaru
  7647 | D:8      | Reached XP level 10. HP: 53/53 MP: 15/15
  7795 | D:8      | Reached skill level 8 in Ranged Weapons
  8428 | D:8      | Found a staircase to the Lair.
  8666 | D:9      | Reached skill level 7 in Fighting
  8762 | D:9      | Reached skill level 7 in Invocations
  8779 | D:9      | Noticed a white ugly thing
  8930 | D:9      | Killed a white ugly thing
  8930 | D:9      | Reached *** piety under Okawaru
  8931 | D:9      | Reached skill level 9 in Ranged Weapons
  9151 | D:9      | Found a radiant altar of Vehumet.
  9300 | D:9      | Noticed Prince Ribbit
  9325 | D:9      | Killed Prince Ribbit
  9380 | D:9      | Reached **** piety under Okawaru
  9392 | D:9      | Reached skill level 10 in Ranged Weapons
  9868 | D:10     | Entered Level 10 of the Dungeon
  9881 | D:10     | Noticed a two-headed ogre
  9967 | D:10     | Killed a two-headed ogre
  9967 | D:10     | Reached ***** piety under Okawaru
  9968 | D:10     | Reached XP level 11. HP: 59/59 MP: 17/17
 10070 | D:10     | Noticed a two-headed ogre
 10099 | D:10     | Killed a two-headed ogre
 10100 | D:10     | Reached skill level 8 in Invocations
 10668 | D:10     | Found a staircase to the Orcish Mines.
 11078 | D:10     | Reached skill level 8 in Fighting
 11078 | D:10     | Reached skill level 11 in Dodging
 11198 | Lair:1   | Entered Level 1 of the Lair of Beasts
 11390 | Lair:1   | Identified the +1 robe of the Catamount {Rampage Regen+}
                  | (Okawaru gifted it to you on level 1 of the Lair of Beasts)
 11390 | Lair:1   | Received a gift from Okawaru
 11391 | Lair:1   | Reached skill level 11 in Ranged Weapons
 12161 | Lair:1   | Reached skill level 9 in Invocations
 12624 | Lair:2   | Reached skill level 12 in Dodging
 12648 | Lair:2   | Reached XP level 12. HP: 65/65 MP: 19/19
 12650 | Lair:2   | Reached skill level 12 in Ranged Weapons
 12703 | Lair:2   | Reached skill level 1 in Evocations
 12840 | Lair:2   | Reached skill level 2 in Evocations
 12917 | Lair:2   | Reached skill level 3 in Evocations
 13161 | Lair:2   | Reached skill level 4 in Evocations
 13216 | Lair:2   | Received a gift from Okawaru
 13226 | Lair:2   | Reached skill level 13 in Ranged Weapons
 13249 | Lair:2   | Reached skill level 5 in Evocations
 13541 | Lair:2   | Found a shimmering blue altar of Sif Muna.
 13744 | Lair:2   | Reached skill level 6 in Evocations
 13751 | Lair:3   | Noticed Kirke
 13931 | Lair:3   | Found a staircase to the Snake Pit.
 14244 | Lair:3   | Killed Kirke
 14244 | Lair:3   | Identified the +7 orcbow of Eternal Harmony {antimagic,
                  | SInv} (Okawaru gifted it to you on level 3 of the Lair of
                  | Beasts)
 14244 | Lair:3   | Received a gift from Okawaru
 14245 | Lair:3   | Reached skill level 14 in Ranged Weapons
 14245 | Lair:3   | Reached skill level 7 in Evocations
 14272 | Lair:3   | Noticed Amaemon
 14315 | Lair:3   | Killed Amaemon
 14409 | Lair:3   | Reached ****** piety under Okawaru
 14511 | Lair:2   | Reached skill level 8 in Evocations
 14511 | Lair:2   | Reached XP level 13. HP: 69/69 MP: 6/20
 14965 | Lair:3   | Reached skill level 15 in Ranged Weapons
 14988 | Lair:3   | Found a staircase to the Swamp.
 15117 | Lair:4   | Received a gift from Okawaru
 15451 | Lair:4   | Found a viscous altar of Jiyva.
 15479 | Lair:4   | Found a staircase to the Slime Pits.
 15762 | Lair:4   | Reached skill level 16 in Ranged Weapons
 16131 | Lair:5   | Entered Level 5 of the Lair of Beasts
 16211 | Lair:5   | Reached skill level 10 in Invocations
 16568 | Lair:5   | Reached skill level 11 in Invocations
 16682 | Lair:5   | Identified the +2 animal skin "Ufishe" {rF- Int+5 Slay+5}
                  | (Okawaru gifted it to you on level 5 of the Lair of Beasts)
 16682 | Lair:5   | Received a gift from Okawaru
 16942 | Lair:5   | Reached skill level 12 in Invocations
 17401 | Lair:5   | Noticed a dire elephant
 17401 | Lair:5   | Noticed a dire elephant
 17475 | Lair:5   | Killed a dire elephant
 17476 | Lair:5   | Reached XP level 14. HP: 74/74 MP: 8/24
 17781 | Lair:5   | Reached skill level 9 in Fighting
 17998 | Lair:5   | Reached skill level 13 in Dodging
 18221 | Lair:5   | Identified the +11 dagger "Demonbane" {heavy, Fly Dex+2}
 18456 | Lair:5   | Received a gift from Okawaru
 18810 | Orc:1    | Entered Level 1 of the Orcish Mines
 18880 | Orc:1    | Found Jirik's General Store.
 18888 | Orc:1    | Bought a scroll of blinking for 97 gold pieces
 18888 | Orc:1    | Bought a scroll of identify for 26 gold pieces
 18888 | Orc:1    | Bought a potion of might for 52 gold pieces
 18888 | Orc:1    | Bought a scroll of blinking for 97 gold pieces
 18888 | Orc:1    | Bought a ring of poison resistance for 260 gold pieces
 18888 | Orc:1    | Bought a potion of haste for 130 gold pieces
 19274 | Orc:2    | Entered Level 2 of the Orcish Mines
 19452 | Orc:2    | Reached skill level 14 in Dodging
 19540 | Orc:2    | Reached skill level 10 in Fighting
 19893 | Orc:2    | Found a staircase to the Elven Halls.
 19947 | Orc:2    | Found Fodul's Magic Scroll Emporium.
 19947 | Orc:2    | Found Wifoagao's Assorted Antiques.
 19949 | Orc:2    | Found Imuseh's Armour Boutique.
 19951 | Orc:2    | Found Talep's Magic Scroll Shoppe.
 19956 | Orc:2    | Bought a sapphire potion for 36 gold pieces
 19963 | Orc:2    | Bought a scroll of identify for 26 gold pieces
 19963 | Orc:2    | Bought a scroll of identify for 26 gold pieces
 19963 | Orc:2    | Bought a scroll of identify for 26 gold pieces
 20661 | D:11     | Identified the +3 leather armour of Hide-and-Seek {rElec
                  | Regen+}
 20811 | D:12     | Received a gift from Okawaru
 20943 | D:12     | Found a frozen archway.
 20965 | IceCv    | Entered an ice cave
 21082 | IceCv    | Reached skill level 15 in Dodging
 21234 | IceCv    | Found an ancient bone altar of Kikubaaqudgha.
 21458 | IceCv    | Received a gift from Okawaru
 21471 | IceCv    | Reached XP level 15. HP: 81/81 MP: 25/25
 21530 | IceCv    | Got Iheozawa's Disquisition on Snow and Gloom
 21670 | IceCv    | Identified a +2 crystal plate armour of cold resistance
 21846 | D:12     | Noticed Josephine
 21863 | D:12     | Killed Josephine
 22391 | D:12     | Reached skill level 11 in Fighting
 22419 | D:13     | You fall into a shaft and drop 2 floors!
 22419 | D:15     | Entered Level 15 of the Dungeon
 22660 | D:13     | Found a gate to the Vaults.
 22733 | D:13     | Noticed Rupert
 22744 | D:13     | Killed Rupert
 22932 | D:13     | Reached skill level 16 in Dodging
 23030 | D:13     | Reached skill level 17 in Ranged Weapons
 23397 | D:13     | Found a gate to the Vaults.
 23650 | D:14     | Received a gift from Okawaru
 24288 | D:14     | Found a runed translucent gate.
 24288 | D:14     | Found a runed translucent gate.
 24288 | D:14     | Found a runed translucent gate.
 24290 | D:14     | Noticed SirDiesAlot's ghost (journeyman GrMo)
 24291 | D:14     | Noticed Ynonecli's ghost (journeyman NaHu)
 24291 | D:14     | Noticed Xanau's ghost (journeyman FoFi)
 24424 | D:14     | Reached skill level 17 in Dodging
 24588 | D:15     | Received a gift from Okawaru
 24665 | D:15     | Reached skill level 12 in Fighting
 24877 | D:15     | Reached XP level 16. HP: 88/88 MP: 26/26
 24902 | D:15     | Identified the +8 shortbow of the Median {speed, rElec
                  | rN++} (Okawaru gifted it to you on level 15 of the Dungeon)
 24902 | D:15     | Received a gift from Okawaru
 25262 | D:15     | Found a staircase to the Depths.
 25555 | Snake:1  | Entered Level 1 of the Snake Pit
 25969 | Snake:1  | Reached skill level 18 in Ranged Weapons
 26150 | Snake:1  | Reached skill level 18 in Dodging
 26169 | Snake:1  | Received a gift from Okawaru
 27111 | Snake:2  | Identified the +0 hand axe "Xegisuhog" {protect, rElec}
 27190 | Snake:2  | Received a gift from Okawaru
 27234 | Snake:2  | You fall into a shaft and drop 1 floor!
 27272 | Snake:3  | Reached skill level 13 in Fighting
 27579 | Snake:3  | Reached skill level 19 in Dodging
 27782 | Snake:2  | Identified a +2 robe of resistance
 28079 | Snake:3  | Found Kador's Armour Shoppe.
 28223 | Snake:3  | Received a gift from Okawaru
 28457 | Snake:3  | Upgraded the game from 0.31-a0-149-g3fdcc5976a to
                  | 0.31-a0-150-g89dc3ad700
 28809 | Snake:4  | Entered Level 4 of the Snake Pit
 28918 | Swamp:1  | Entered Level 1 of the Swamp
 28924 | Swamp:1  | Reached XP level 17. HP: 96/96 MP: 19/27
 28933 | Swamp:1  | Reached skill level 20 in Dodging
 29063 | Swamp:1  | Reached skill level 14 in Fighting
 29182 | Swamp:1  | Received a gift from Okawaru
 29196 | Swamp:1  | Identified a potion of resistance
 29787 | Swamp:2  | Noticed Tiex's ghost (adept TrFi)
 29788 | Swamp:2  | Found a runed translucent gate.
 29789 | Swamp:2  | Found a runed translucent gate.
 29789 | Swamp:2  | Found a runed translucent gate.
 30227 | Swamp:2  | Found the +0 mask of the Dragon {Will+ Slay+3 SInv}
 30346 | Swamp:2  | Reached skill level 21 in Dodging
 30388 | Swamp:2  | Killed Tiex's ghost
 30394 | Swamp:2  | HP: 4/98 [poison (dark miasma)]
 30395 | Swamp:1  | Succumbed to poison (dark miasma)

Vanquished Creatures
  Rupert (D:13)
  The ghost of Tiex the Brawler, an adept TrFi of Okawaru (Swamp:2)
  Kirke (Lair:3)
  A nagaraja (Snake:3)
  2 ghouls (Swamp:2)
  3 eleionomae
  2 dire elephants (Lair:5)
  2 bunyips (Swamp:2)
  Josephine (D:12)
  8 vault guards
  8 hydras
  5 anacondas
  A boulder beetle (Lair:5)
  An ogre mage (D:15)
  4 alligators
  A catoblepas (Lair:3)
  11 two-headed ogres
  3 centaur warriors
  7 naga warriors
  A tengu warrior (D:15)
  2 death yaks (Lair:5)
  3 shock serpents
  9 naga sharpshooters
  Amaemon (Lair:3)
  2 skysharks
  11 skeletal warriors
  3 goliath frogs
  2 spectral death yaks (Lair:5)
  A spectral anaconda (Lair:5)
  A death drake (Swamp:2)
  2 salamander mystics (Snake:3)
  2 swamp dragons
  3 naga ritualists
  5 bog bodies
  3 orc knights (Orc:2)
  A deep elf pyromancer (D:15)
  6 necromancers
  3 wizards
  A wolf spider zombie (D:14)
  3 mana vipers
  11 ugly things
  3 orc sorcerers
  11 salamanders
  5 cyclopes
  3 manticores
  3 will-o-the-wisps (Swamp:2)
  25 elephants
  A dire elephant zombie (Lair:5)
  27 black mambas
  2 centaur skeletons (D:15)
  15 naga magi
  4 guardian serpents
  An ice statue (IceCv)
  An orange demon (Lair:3)
  18 cane toads
  An unseen horror (D:13)
  3 gargoyles (D:12)
  4 rime drakes
  4 freezing wraiths (IceCv)
  3 tengu conjurers
  2 efreet
  9 komodo dragons
  An anaconda simulacrum (IceCv)
  13 ice devils (IceCv)
  A queen bee (D:10)
  3 tyrant leeches
  A wolf spider simulacrum (D:15)
  8 trolls
  Prince Ribbit (D:9)
  2 polar bears
  3 spectral elephants (Lair:5)
  9 hornets
  12 blink frogs
  11 dream sheep
  2 meliai zombies
  7 slime creatures
  A centaur simulacrum (D:15)
  Sigmund (D:3)
  2 shadows
  3 vampires
  9 spriggans
  6 wraiths
  2 wyverns
  7 hogs
  A human (shapeshifter) (D:13)
  46 yaks
  4 dire elephant simulacra (IceCv)
  5 basilisks
  2 steam dragons
  A golden eye (shapeshifter) (D:14)
  4 death yak simulacra (IceCv)
  Eustachio (D:6)
  9 swamp worms
  3 vampire mosquitoes (D:15)
  A harpy simulacrum (IceCv)
  A warg (Orc:2)
  3 acid dragons (D:12)
  43 nagas
  15 water moccasins
  A swamp drake (Swamp:2)
  An ice beast (D:7)
  28 orc warriors
  5 black bears
  5 ogres
  7 wolves (Lair:2)
  23 centaurs
  2 elephant skeletons (Lair:5)
  4 phantoms
  18 bullfrogs
  4 gnoll sergeants
  6 cane toad simulacra
  10 scorpions
  20 wights
  6 elephant simulacra
  22 killer bees
  A howler monkey (D:7)
  2 human zombies (Ossuary)
  7 centaur zombies
  5 hounds
  A jelly (D:6)
  3 gnoll boudas
  9 orc priests
  A jelly (shapeshifter) (D:15)
  6 scorpion zombies (Ossuary)
  A sleepcap (D:6)
  Terence (D:2)
  2 iguanas
  20 orc wizards
  A spriggan simulacrum (IceCv)
  4 hell rats (Lair:3)
  5 polar bear simulacra (IceCv)
  2 wolf simulacra (IceCv)
  3 mummies (Ossuary)
  15 adders
  25 gnolls
  4 river rats (Sewer)
  A shadow imp (D:7)
  2 white imps (IceCv)
  3 ufetubi (IceCv)
  5 worms
  2 dart slugs
  47 orcs
  5 ball pythons
  8 bats
  5 endoplasms
  4 giant cockroaches
  4 gnoll zombies (Ossuary)
  16 goblins
  5 hobgoblins
  4 jackals (D:2)
  5 kobolds
  8 quokkas
  4 frilled lizards
  4 goblin zombies
  A hobgoblin zombie (Ossuary)
  3 kobold zombies (Ossuary)
  3 orc zombies (Ossuary)
  A quokka zombie (D:4)
  21 rats
969 creatures vanquished.

Vanquished Creatures (others)
  A bloated husk (Swamp:1)
  10 foxfires (Swamp:2)
11 creatures vanquished.

Grand Total: 980 creatures vanquished

Table legend: (Time is in decaauts)
 A = Elapsed time spent in this place.
 B = Non-inter-level travel time spent in this place.
 C = Inter-level travel time spent in this place.
 D = Time resting spent in this place.
 E = Time spent auto-exploring this place.
 F = Levels seen in this place.
 G = Mean time per level.
                   A        B        C        D        E       F      G
               +--------+--------+--------+--------+--------+-----+--------+
         Total |  21288 |  19992 |   1296 |    914 |  11251 |  32 |  665.2 |
       Dungeon |  10093 |   9379 |    714 |    552 |   5504 |  15 |  672.9 |
        Temple |     36 |     32 |      4 |      0 |     22 |   1 |   36.0 |
          Lair |   5138 |   4797 |    341 |    116 |   2465 |   5 | 1027.6 |
         Swamp |   1132 |   1114 |     18 |      4 |    698 |   2 |  566.0 |
     Snake Pit |   2338 |   2201 |    137 |     36 |   1457 |   4 |  584.5 |
  Orcish Mines |   1006 |    927 |     79 |     84 |    552 |   2 |  503.0 |
         Sewer |    465 |    465 |      0 |    100 |    164 |   1 |  465.0 |
       Ossuary |    558 |    558 |      0 |     22 |    165 |   1 |  558.0 |
      Ice Cave |    518 |    518 |      0 |      0 |    222 |   1 |  518.0 |
               +--------+--------+--------+--------+--------+-----+--------+

Top non-repeatable levels by time:
  Lair:5: 1539 daAuts
     D:9: 1028 daAuts
 Snake:3: 1020 daAuts
 Snake:1: 1017 daAuts
  Lair:1: 991 daAuts
  Lair:3: 940 daAuts
    D:10: 891 daAuts
  Lair:2: 869 daAuts
     D:5: 844 daAuts
  Lair:4: 797 daAuts
     D:4: 795 daAuts
    D:14: 742 daAuts
     D:8: 727 daAuts
    D:13: 726 daAuts
     D:7: 665 daAuts

Table legend:
 A = Non-vault XP
 B = Vault XP
 C = Vault XP percentage of total XP
 D = Non-vault monster count
 E = Vault monster count
 F = Vault count percentage of total count
                 A         B        C        D         E       F
            +---------+---------+-------+---------+---------+-------
      Total |  180046 |   70562 |  28.2 |     685 |     285 |  29.4
            +---------+---------+-------+---------+---------+-------
        D:1 |      53 |       0 |   0.0 |      25 |       0 |   0.0
        D:2 |      95 |      36 |  27.5 |      22 |       1 |   4.3
        D:3 |      78 |     236 |  75.2 |      12 |       8 |  40.0
        D:4 |     553 |       2 |   0.4 |      25 |       2 |   7.4
        D:5 |     803 |      72 |   8.2 |      14 |      13 |  48.1
        D:6 |     460 |     172 |  27.2 |      14 |       1 |   6.7
        D:7 |    1171 |       0 |   0.0 |      18 |       0 |   0.0
        D:8 |    1504 |       0 |   0.0 |      26 |       0 |   0.0
        D:9 |    3643 |     283 |   7.2 |      25 |       1 |   3.8
       D:10 |    2899 |     869 |  23.1 |      27 |      10 |  27.0
       D:11 |    4249 |       0 |   0.0 |      25 |       0 |   0.0
       D:12 |    4546 |    3158 |  41.0 |      17 |       7 |  29.2
       D:13 |    4455 |    7980 |  64.2 |      13 |       8 |  38.1
       D:14 |   13718 |    6288 |  31.4 |      26 |      14 |  35.0
       D:15 |   12402 |    5652 |  31.3 |      24 |      11 |  31.4
     Lair:1 |    6503 |     922 |  12.4 |      26 |       2 |   7.1
     Lair:2 |    6737 |    3723 |  35.6 |      24 |      16 |  40.0
     Lair:3 |    6790 |    3964 |  36.9 |      24 |       9 |  27.3
     Lair:4 |    8466 |    1156 |  12.0 |      31 |       4 |  11.4
     Lair:5 |   12044 |   13789 |  53.4 |      38 |      28 |  42.4
    Swamp:1 |   14086 |       0 |   0.0 |      30 |       0 |   0.0
    Swamp:2 |   16432 |    5296 |  24.4 |      30 |       5 |  14.3
    Snake:1 |   18883 |       0 |   0.0 |      44 |       0 |   0.0
    Snake:2 |    4503 |     442 |   8.9 |      15 |       1 |   6.2
    Snake:3 |   31613 |       0 |   0.0 |      64 |       0 |   0.0
      Orc:1 |     943 |       0 |   0.0 |      16 |       0 |   0.0
      Orc:2 |    2417 |    5473 |  69.4 |      30 |      38 |  55.9
      Sewer |       0 |     134 | 100.0 |       0 |      21 | 100.0
    Ossuary |       0 |    1083 | 100.0 |       0 |      34 | 100.0
      IceCv |       0 |    9832 | 100.0 |       0 |      51 | 100.0
            +---------+---------+-------+---------+---------+-------
